 Dungeon Crawl Stone Soup version 0.28.0-45-g0d030f2227 (webtiles) character file.

Game seed: 6074376583812463663

18 101zpm the Magician (level 2, -1/21 HPs)
             Began as a Djinni Ice Elementalist on Apr 11, 2022.
             Slain by a jackal (3 damage)
             ... on level 1 of the Dungeon.
             The game lasted 00:03:01 (1090 turns).

101zpm the Magician (Djinni Ice Elementalist)       Turns: 1090, Time: 00:03:01

Health: -1/21      AC:  2    Str:  7    XL:     2   Next: 90%
Gold:   9          EV: 12    Int: 16    God:
                   SH:  0    Dex: 13

rFire   + + .      SeeInvis .   (no weapon)
rCold   x . .      Faith    .   (no shield)
rNeg    . . .      Spirit   .   a - +0 robe
rPois   ∞          Reflect  .   (no helmet)
rElec   .          Harm     .   (no cloak)
rCorr   .          Rampage  .   (no gloves)
Will    .....                   (boots unavailable)
Stlth   ++........              (no amulet)
HPRegen 0.07/turn               (no ring)
MPRegen 0.00/turn               (no ring)

@: flying
A: sickness immunity, fire resistance 2, cold vulnerability 1, float, innate
caster, HP casting, extra vitality 1
a: no special abilities


You were on level 1 of the Dungeon.
You visited 1 branch of the dungeon, and saw 2 of its levels.

You collected 9 gold pieces.

Inventory:

Armour
 a - a +0 robe (worn)
Jewellery
 e - a ring of resist corrosion
Scrolls
 b - a scroll of fear {unknown}
Potions
 c - a potion of brilliance {unknown}
 d - a potion of curing {unknown}
 f - a potion of lignification {unknown}


   Skills:
 + Level 2.3 Dodging
 + Level 1.7 Stealth
 + Level 3.7 Spellcasting


You couldn't memorise any spells.
You knew the following spells:

 Your Spells              Type           Power      Damage    Failure   Level
a - Freeze                Ice            56%        1d7       3%          1
b - Frozen Ramparts       Ice            28%        1d4       11%         3
c - Ozocubu's Armour      Ice            14%        N/A       11%         3
d - Hailstorm             Conj/Ice       14%        3d5       36%         4
Your spell library was empty.

Dungeon Overview and Level Annotations

Branches:
Dungeon (2/15)

Altars:


Innate Abilities, Weirdness & Mutations

You are immune to sickness and miasma.
You are immune to poison.
Your flesh is very heat resistant. (rF++)
You are vulnerable to cold. (rC-)
You float through the air rather than walking.
You learn spells naturally, not from books.
Your magical power is your life essence.
You have superior vitality. (+4 MHP)


Message History

Aim: a worm (lightly wounded)
You freeze the worm.
The worm is moderately wounded.
The worm bites you!
There is a stone staircase leading up here.
You fly upwards.
The jackal barely misses you. The jackal bites you. x2
* * * LOW HITPOINT WARNING * * *
The jackal closely misses you.
There is a stone staircase leading down here.
The jackal barely misses you.
The jackal bites you but does no damage.
The jackal misses you.
A hobgoblin comes into view.
The jackal closely misses you.
The jackal bites you but does no damage.
The kobold shouts!
The kobold hits you with a +0 club.
* * * LOW HITPOINT WARNING * * *
Aiming: Freeze (safe; 3% risk of failure)
Press: ? - help, Q - select action Shift-Dir - straight line, f - kobold
Aim: a kobold, wielding a +0 club You freeze the kobold.
The kobold is severely wounded.
* * * LOW HITPOINT WARNING * * *
The jackal closely misses you. The kobold hits you but does no damage.
The jackal closely misses you.
Aiming: Freeze (safe; 3% risk of failure)
Press: ? - help, Q - select action Shift-Dir - straight line, f/p - kobold
Aim: a kobold, wielding a +0 club (severely wounded)
You freeze the kobold.
You kill the kobold!
* * * LOW HITPOINT WARNING * * *
The jackal misses you.
You don't have enough health to cast this spell.
Unknown command.
The jackal closely misses you.
Things that are here:
a +0 club; a kobold corpse The jackal bites you.
You die...

######### #.# #.......# #.#
######### ###.###########.#
........# #................
........# #.#.######.##....
........# #.#.#............
........####.#.#............
..........h....#.........#..
..........h@...........#.#..
######g####.......#........
#.####...........#.#..
#g#....†..............
#.#...>...............
#.#...####.......... #.....#
###...... #.#######♣♣#######
#.# ♣.♣...♣♣♣#


You could see 2 jackals and a hobgoblin.

Vanquished Creatures
  A hobgoblin (D:1)
  A jackal (D:1)
  2 ball pythons (D:1)
  5 bats
  2 frilled lizards (D:2)
  2 goblins (D:1)
  3 kobolds (D:1)
  2 rats (D:1)
18 creatures vanquished.

Notes
Turn   | Place    | Note
-------+----------+-------------------------------------------
     0 | D:1      | 101zpm the Djinni Ice Elementalist began the quest for the
                  | Orb.
     0 | D:1      | Reached XP level 1. HP: 15/15 MP: 0/0
    47 | D:1      | Found a faded altar of an unknown god.
   513 | D:1      | Reached XP level 2. HP: 17/21 MP: 0/0
  1090 | D:1      | Slain by a jackal

Illustrated notes

Levels and vault maps discovered:
D:1:      sevenhm_arrival_forest_fort_large_3, layout_basic,
          basic_ecumenical_altar, kennysheep_doodads
D:2:      layout_rooms

Action                   || total
-------------------------++-------
Melee: Unarmed           ||    15
 Cast: Freeze            ||    27
Armor: Robe              ||     8
Dodge: Dodged            ||    21
